 Dungeon Crawl Stone Soup version 0.28.0-1-gb440e238dd (webtiles) character file.

Game seed: 11279792439847934459

53 rabbitsville the Grave Robber (level 3, 0/24 HPs)
             Began as a Demonspawn Necromancer on Feb 17, 2022.
             Killed from afar by a white imp (7 damage)
             ... with a puff of frost
             ... summoned by Natasha
             ... on level 1 of the Dungeon on Feb 22, 2022.
             The game lasted 00:11:59 (1828 turns).

rabbitsville the Grave Robber (DsNe)                Turns: 1828, Time: 00:12:04

Health: 0/24       AC:  2    Str:  8    XL:     3   Next: 62%
Magic:  5/6        EV: 12    Int: 18    God:
Gold:   74         SH:  0    Dex: 13    Spells: 6/7 levels left

rFire   . . .      SeeInvis .   f - +2 flail (protect)
rCold   . . .      Faith    .   (no shield)
rNeg    . . .      Spirit   .   a - +0 robe
rPois   .          Reflect  .   (no helmet)
rElec   .          Harm     .   (no cloak)
rCorr   .          Rampage  .   (no gloves)
Will    .....                   (no boots)
Stlth   ++........              (no amulet)
HPRegen 0.08/turn               (no ring)
MPRegen 0.10/turn               (no ring)

@: no status effects
A: sturdy frame 1
a: no special abilities


You were on level 1 of the Dungeon.
You visited 1 branch of the dungeon, and saw 2 of its levels.

You collected 74 gold pieces.

Inventory:

Hand Weapons
 f - a +2 flail of protection (weapon)
Armour
 a - a +0 robe (worn)
Scrolls
 b - a scroll of identify {unknown}
 c - a scroll of teleportation {unknown}
 h - a scroll of holy word {unknown}
Potions
 d - 2 potions of brilliance {unknown}
 e - 2 potions of heal wounds {unknown}
 g - 3 potions of flight {unknown}


   Skills:
 + Level 1.0 Maces & Flails
 - Level 2.0 Dodging
 - Level 2.0 Stealth
 + Level 2.5 Spellcasting
 * Level 5.1 Necromancy


You had 6 spell levels left.
You knew the following spells:

 Your Spells              Type           Power      Damage    Failure   Level
a - Pain                  Necr           80%        1d8       2%          1

Your spell library contained the following spells:

 Spells                   Type           Power      Damage    Failure   Level
 Animate Skeleton         Necr           40%        N/A       2%          1
 Vampiric Draining        Necr           20%        2d7       6%          3
 Animate Dead             Necr           10%        N/A       22%         4
 Agony                    Necr           20%        N/A       52%         5


Dungeon Overview and Level Annotations

Branches:
Dungeon (2/15)

Altars:

Annotations:
D:1 Natasha
D:2 exclusion: 2 adders


Innate Abilities, Weirdness & Mutations

Your movements are slightly less encumbered by armour. (ER -2)


Message History

The endoplasm quivers.
The endoplasm writhes in agony.
Aiming: Pain (safe; 2% risk of failure)
Press: ? - help, Q - select action Shift-Dir - straight line, f/p - endoplasm
Aim: an endoplasm (lightly wounded, chance to affect: 89%)
The endoplasm writhes in agony.
You kill the endoplasm!
You start resting.
HP restored.
Aiming: Pain (safe; 2% risk of failure)
Press: ? - help, Q - select action Shift-Dir - straight line, f - you
Okay, then.
Aiming: Pain (safe; 2% risk of failure)
Press: ? - help, Q - select action Shift-Dir - straight line, f - you
Okay, then.
Aiming: Pain (safe; 2% risk of failure)
Press: ? - help, Q - select action Shift-Dir - straight line, f - you
Okay, then.
There is a stone staircase leading up here.
You climb upwards.
Level annotation: Natasha
There is a stone staircase leading down here.
Aiming: Pain (safe; 2% risk of failure)
Press: ? - help, Q - select action Shift-Dir - straight line, f - Natasha
Aim: Natasha (wandering, hasn't noticed you, chance to affect: 78%) Natasha hisses angrily.
Natasha writhes in agony.
Natasha stares at you and mumbles some strange words.
The magic dart hits you.
You closely miss Natasha.
Natasha is moderately wounded.
Natasha mumbles some strange words.
You closely miss Natasha.
Natasha is moderately wounded.
Natasha casts a spell at you. The magic dart hits you!
* * * LOW HITPOINT WARNING * * *
The white imp gestures at you. The puff of frost hits you!
You die...

...#######................#
#.... ...#
####.#...........# #####
...# #.#.......#...# ...#
#.###.##.....># ...## #.#
#..#......# ....#########.#
##.#...####
..............####.#...#
.......#####...........#
.....#..........@#.#...#
................h#.#...#
.####.#..........#.#...# ##
#....#####.5..#.######
####..### #.##....#...##
#.....## #.##.........##
.......## #.#...........#
........# #.#...........#
........## #(#...........#


You could see Natasha and a white imp (summoned).

Vanquished Creatures
  Natasha (D:1)
  5 endoplasms
  2 giant cockroaches
  2 goblins
  3 hobgoblins (D:1)
  3 quokkas
  3 ball pythons (D:1)
  A bat (D:2)
  A kobold (D:2)
  4 rats
25 creatures vanquished.

Notes
Turn   | Place    | Note
-------+----------+-------------------------------------------
     0 | D:1      | rabbitsville the Demonspawn Necromancer began the quest for
                  | the Orb.
     0 | D:1      | Reached XP level 1. HP: 13/13 MP: 3/3
   228 | D:1      | Found a faded altar of an unknown god.
   535 | D:1      | Gained mutation: Your movements are slightly less
                  | encumbered by armour. (ER -2) [demonic ancestry]
   535 | D:1      | Reached XP level 2. HP: 8/19 MP: 3/5
   547 | D:1      | Upgraded the game from 0.28.0 to 0.28.0-1-gb440e238dd
  1362 | D:2      | Noticed Natasha
  1378 | D:1      | Noticed a crimson imp
  1381 | D:1      | Killed Natasha
  1382 | D:1      | Reached skill level 5 in Necromancy
  1382 | D:1      | Reached XP level 3. HP: 8/24 MP: 4/6
  1396 | D:1      | Noticed Natasha
  1752 | D:2      | Reached skill level 1 in Maces & Flails
  1828 | D:1      | Killed from afar by a white imp

Illustrated notes

Levels and vault maps discovered:
D:1:      scummos_arrival_star, layout_rooms, shapermc_ecumenical_altar_petra
D:2:      layout_rooms, uniq_natasha

Skill      XL: |  1  2  3 |
---------------+----------+-----
Stealth        | 2 |  2.0
Dodging        | 2 |  2.0
Necromancy     | 5 |  5.1
Maces & Flails | 1 |  1.0
Spellcasting   | |  2.5

Action                   || total
-------------------------++-------
Melee: Club              ||     8
       Flail             ||    17
       Unarmed           ||     3
 Cast: Pain              ||    35
Armor: Robe              ||     6
Dodge: Dodged            ||    15
